 Dungeon Crawl Stone Soup version 0.28.0 (webtiles) character file.

Game seed: 3611134922170085841

55624 Armakuni the Carver (level 14, -8/77 HPs)
             Began as a Vine Stalker Delver on Feb 16, 2022.
             Was an Initiate of Gozag.
             Killed by an exploding human (22 damage)
             ... ignited by their inner flame
             ... on level 13 of the Dungeon.
             The game lasted 00:45:49 (17206 turns).

Armakuni the Carver (Vine Stalker Delver)          Turns: 17206, Time: 00:45:50

Health: -8/77      AC: 16    Str: 31    XL:     14   Next: 78%
Magic:  0/15       EV: 12    Int: 10    God:    Gozag
Gold:   450        SH:  0    Dex: 19    Spells: 10/13 levels left

rFire   . . .      SeeInvis .   a - +9 flail "Kiaphoebb" {speed, rC+ Str+8}
rCold   + + .      Faith    .   x - orb {light}
rNeg    . . .      Spirit   +   C - +4 ring mail of Theory {rC+ Regen+ Dex+4}
rPois   +          Reflect  .   d - +2 hat
rElec   .          Harm     .   B - +0 cloak {Stlth+}
rCorr   .          Rampage  .   w - +2 pair of gloves
Will    +....      Clarity  +   F - +0 pair of boots
Stlth   ++........              N - amulet of regeneration
HPRegen 2.62/turn               S - +4 ring of slaying
MPRegen 0.14/turn               P - ring of poison resistance

@: gold aura, glowing
A: fangs 3, regeneration 1, magic shield, antimagic bite, no potion heal 2,
clarity, strong 1
a: Renounce Religion, Potion Petition, Call Merchant, Bribe Branch


You were on level 13 of the Dungeon.
You worshipped Gozag.
Gozag was aware of your devotion.
You visited 3 branches of the dungeon, and saw 20 of its levels.
You also visited: Volcano.

You collected 5294 gold pieces.
You spent 737 gold pieces at shops.
You paid 4107 gold pieces to Gozag.

Inventory:

Hand Weapons
 a - the +9 flail "Kiaphoebb" (weapon) {speed, rC+ Str+8}
   (You found it on level 1 of the Lair of Beasts)

   Attacks with this weapon are significantly faster.
   Str:       It affects your strength (+8).
   rC:        It protects you from cold.
Missiles
 i - 3 javelins
 o - 2 throwing nets
 q - 8 curare-tipped darts (quivered)
 E - 5 silver javelins
 G - 6 boomerangs
Armour
 d - a +2 hat (worn)
 w - a +2 pair of gloves (worn)
 x - an orb of light (worn)
 B - a +0 cloak of stealth (worn)
 C - the +4 ring mail of Theory (worn) {rC+ Regen+ Dex+4}
   (You bought it in a shop on level 1 of the Lair of Beasts)

   Dex:       It affects your dexterity (+4).
   rC:        It protects you from cold.
   Regen:     It increases your rate of health regeneration.
 F - a +0 pair of boots (worn)
Magical Staves
 l - a staff of poison
Jewellery
 H - an amulet of reflection
 J - a ring of protection from fire
 L - a ring of flight
 N - an amulet of regeneration (around neck)
 P - a ring of poison resistance (right hand)
 S - a +4 ring of slaying (left hand)
Wands
 k - a wand of flame (13)
 p - a wand of paralysis (2)
 O - a wand of polymorph (13)
Scrolls
 b - a scroll of blinking
 c - 6 scrolls of fog
 e - 5 scrolls of fear
 m - 5 scrolls of enchant armour
 r - 6 scrolls of teleportation
 s - 7 scrolls of magic mapping
 u - 2 scrolls of immolation
 v - a scroll of enchant weapon
 y - a scroll of amnesia
 M - 2 scrolls of silence
Potions
 f - 4 potions of haste
 g - 2 potions of brilliance
 h - 6 potions of curing
 n - 3 potions of magic
 t - a potion of mutation
 z - 3 potions of lignification
 D - a potion of berserk rage
 I - a potion of resistance
 K - 6 potions of ambrosia
 R - a potion of cancellation {unknown}


   Skills:
 - Level 10.0 Fighting
 - Level 14.0 Long Blades
 + Level 13.7(14.0) Maces & Flails
 - Level 4.1(9.8) Staves
 - Level 3.5 Throwing
 + Level 1.8 Armour
 + Level 2.5 Dodging
 - Level 6.0 Stealth
 - Level 6.7 Evocations


You had 10 spell levels left.
You knew the following spells:

 Your Spells              Type           Power      Damage    Failure   Level
a - Apportation           Tloc           0%         N/A       47%         1
b - Wereblood             Tmut           0%         N/A       63%         2

Your spell library contained the following spells:

 Spells                   Type           Power      Damage    Failure   Level
 Animate Skeleton         Necr           0%         N/A       47%         1
 Freeze                   Ice            0%         1d3       47%         1
 Magic Dart               Conj           0%         1d3       47%         1
 Summon Small Mammal      Summ           0%         N/A       47%         1
 Ensorcelled Hibernation  Hex/Ice        0%         N/A       63%         2
 Passwall                 Tmut/Erth      0%         N/A       63%         2
 Searing Ray              Conj           0%         2d4       63%         2
 Static Discharge         Conj/Air       0%         N/A       63%         2
 Sublimation of Blood     Necr           0%         N/A       63%         2
 Call Canine Familiar     Summ           0%         N/A       85%         3
 Frozen Ramparts          Ice            0%         1d2       85%         3
 Ignite Poison            Fire/Tmut/Pois 0%         N/A       85%         3
 Mephitic Cloud           Conj/Pois/Air  0%         N/A       85%         3
 Ozocubu's Armour         Ice            0%         N/A       85%         3
 Summon Guardian Golem    Hex/Summ       0%         N/A       85%         3
 Swiftness                Air            0%         N/A       85%         3
 Fulminant Prism          Conj/Hex       0%         3d6       99%         4
 Hailstorm                Conj/Ice       0%         3d3       99%         4
 Blade Hands              Tmut           0%         N/A       100%        5
 Freezing Cloud           Conj/Ice/Air   0%         6-21      100%        5
 Irradiate                Conj/Tmut      0%         3d14      100%        5
 Lightning Bolt           Conj/Air       0%         1d11      100%        5
 Dispersal                Tloc           0%         N/A       100%        6
 Dragon Form              Tmut           0%         N/A       100%        7
 Ozocubu's Refrigeration  Ice            0%         4d5       100%        7
 Summon Hydra             Summ           0%         N/A       100%        7
 Disjunction              Tloc           0%         N/A       100%        8
 Maxwell's Capacitive Co  Air            0%         ∞         100%        8


Dungeon Overview and Level Annotations

Branches:
Dungeon (13/15)            Temple (1/1) D:6            Lair (6/6) D:9
  Swamp (0/4) Lair:2       Spider (0/4) Lair:4        Slime (0/5) Lair:5
    Orc (0/2) D:12         Vaults (0/5) D:13        Volcano (visited)

Altars:
Ashenzari
Cheibriados
Dithmenos
Elyvilon
Fedhas
Gozag
Hepliaklqana
Kikubaaqudgha
Makhleb
Nemelex Xobeh
Okawaru
Qazlal
Ru
Sif Muna
Trog
Uskayaw
Vehumet
Wu Jian
Xom
Yredelemnul
Zin
The Shining One

Shops:
D:7 (   Lair:1 (?[(?

Annotations:
D:13 Rupert; Urug
Lair:1 2 transporters, Purph's ghost, journeyman MiBe
Lair:4 exclusion: oklob plant
Lair:5 exclusion: 2 oklob plants


Innate Abilities, Weirdness & Mutations

You have razor-sharp teeth.
Your natural rate of healing is unusually fast.
When hurt, damage is shared between your health and your magic reserves.
Your bite disrupts and absorbs the magic of your enemies.
Potions cannot restore your health.
You possess an exceptional clarity of mind.
Your muscles are strong. (Str +2)


Message History

The human explodes!
The fiery explosion engulfs the human!
Flame seeps out of the human.
The human is heavily wounded.
The fiery explosion engulfs the human!
Flame seeps out of the human.
The human is heavily wounded.
The fiery explosion engulfs the human!
Flame seeps out of the human.
The human is almost dead.
The fiery explosion engulfs the human!!
The fiery explosion engulfs you!!
The fiery explosion engulfs the human!!
The fiery explosion engulfs the human!!! x2
The human explodes!
The fiery explosion engulfs the centaur warrior!
Flame seeps out of the centaur warrior.
The centaur warrior is moderately wounded.
The fiery explosion engulfs Rupert!!
Flame seeps out of Rupert.
Rupert is lightly wounded.
The human explodes!
The fiery explosion engulfs the human!!!
The fiery explosion engulfs you!
The fiery explosion engulfs the human!!! x2
The fiery explosion engulfs Rupert!!!
Flame seeps out of Rupert.
Rupert is heavily wounded.
The human explodes!
The fiery explosion engulfs the human!
Flame seeps out of the human.
The human is heavily wounded.
The fiery explosion engulfs you!!!
* * * LOW HITPOINT WARNING * * *
The fiery explosion engulfs the cyclops!!
Flame seeps out of the cyclops.
The cyclops is severely wounded.
The human explodes!
The fiery explosion engulfs Rupert!!
Flame seeps out of Rupert.
Rupert is severely wounded.
The human explodes!
The fiery explosion engulfs the human!!!
The fiery explosion engulfs the human!!
Flame seeps out of the human.
The human is almost dead.
The fiery explosion engulfs the human!
The fiery explosion engulfs you!!
You die...
Your body crumbles into a pile of gold.

##########
.$..$....######
.............$.
>.........$.$$
.)..........#
......§§C§..+
.....pp§§§§.#
.$..°p§@§§§.#
....°pp○§@§.#
##..°op§§§..#
#.....c§§..#
#..........#
#.......$..#
#........$.#
#$..$..##.$#


You could see Rupert (inner flame), Urug (inner flame), a centaur warrior (inner
flame), a cyclops (inner flame) and 6 humans.

Vanquished Creatures
  A dire elephant (Lair:6)
  A fire dragon (Lair:6)
  Fannar (Lair:2)
  6 hydras
  A boulder beetle (Lair:3)
  2 catoblepae
  A swamp dragon (Lair:6)
  A deep elf archer (Volcano)
  An ugly thing (D:12)
  A lindwurm (Lair:6)
  An oklob plant (Lair:6)
  4 deep elf pyromancers (Volcano)
  3 manticores
  2 cyclopes (D:12)
  10 elephants
  4 black mambas
  6 centaur zombies
  A gargoyle (D:12)
  An unseen horror (D:10)
  9 komodo dragons
  10 cane toads
  7 rime drakes
  2 kobold demonologists (D:12)
  7 trolls
  A queen bee (Lair:1)
  3 slime creatures (D:12)
  Grinder (D:3)
  18 blink frogs
  15 dream sheep
  A shadow (D:9)
  5 basilisks
  3 wyverns
  5 wraiths
  52 yaks
  5 fire elementals (Volcano)
  10 humans (D:13)
  2 redbacks (Lair:4)
  4 steam dragons
  4 vampire mosquitoes (D:11)
  4 hell hounds (Volcano)
  3 acid dragons
  17 water moccasins
  A hornet zombie (D:7)
  A swamp drake (Lair:6)
  4 orc warriors
  2 black bears
  A necrophage (D:7)
  13 wolves
  2 centaurs (D:9)
  A phantom (D:7)
  3 kobold brigands
  10 bullfrogs
  8 wights
  38 killer bees
  2 electric eels (Lair:2)
  6 howler monkeys
  A bullfrog skeleton (D:7)
  2 centaur skeletons (D:5)
  5 orc priests
  A hound (D:6)
  Terence (D:2)
  Ijyb (D:3)
  8 iguanas
  Natasha (D:3)
  13 orc wizards
  A killer bee zombie (D:8)
  A hound skeleton (D:4)
  4 adders
  4 gnolls (D:5)
  A river rat (Lair:1)
  A white imp (D:6)
  An ufetubus (D:4)
  A worm (D:2)
  2 dart slugs (D:1)
  26 orcs
  3 bats
  6 endoplasms
  A giant cockroach (D:1)
  4 hobgoblins
  12 kobolds
  A quokka (D:2)
  9 ball pythons
  5 frilled lizards
  6 goblins
  8 rats
458 creatures vanquished.

Vanquished Creatures (collateral kills)
  A water moccasin (D:6)
  A wight (D:6)
2 creatures vanquished.

Vanquished Creatures (others)
  2 orcs (D:9)
  13 fungi
  28 plants
  10 toadstools (Lair:4)
53 creatures vanquished.

Grand Total: 513 creatures vanquished

Notes
Turn   | Place    | Note
-------+----------+-------------------------------------------
     0 | D:5      | Armakuni the Vine Stalker Delver began the quest for the
                  | Orb.
     0 | D:5      | Reached XP level 1. HP: 11/11 MP: 2/2
    12 | D:6      | Noticed a water moccasin
    73 | D:5      | Reached skill level 2 in Long Blades
    73 | D:5      | Reached XP level 2. HP: 16/16 MP: 3/3
   683 | D:3      | Noticed Ijyb
   700 | D:3      | Killed Ijyb
   701 | D:3      | Reached XP level 3. HP: 20/20 MP: 4/4
   928 | D:2      | Noticed Terence
   941 | D:2      | Killed Terence
   942 | D:2      | Reached skill level 3 in Long Blades
   942 | D:2      | Gained mutation: Your natural rate of healing is unusually
                  | fast. [Vine Stalker growth]
   942 | D:2      | Reached XP level 4. HP: 17/25 MP: 2/5
  1108 | D:1      | Found a faded altar of an unknown god.
  1949 | D:2      | Reached XP level 5. HP: 29/29 MP: 6/6
  2269 | D:3      | Noticed Grinder
  2273 | D:3      | Gained mutation: Your flesh is cold resistant. (rC+)
                  | [potion of mutation]
  2273 | D:3      | Gained mutation: You are frail. (-10% HP) [potion of
                  | mutation]
  2274 | D:3      | Lost mutation: Your flesh is cold resistant. (rC+) [potion
                  | of mutation]
  2274 | D:3      | Lost mutation: You are frail. (-10% HP) [potion of
                  | mutation]
  2274 | D:3      | Gained mutation: You possess an exceptional clarity of
                  | mind. [potion of mutation]
  2274 | D:3      | Gained mutation: Your muscles are strong. (Str +2) [potion
                  | of mutation]
  2487 | D:4      | Reached skill level 1 in Evocations
  2558 | D:4      | Noticed a water moccasin
  3059 | D:5      | Reached XP level 6. HP: 34/34 MP: 4/7
  3265 | D:5      | Reached skill level 5 in Fighting
  3265 | D:5      | Reached XP level 7. HP: 21/39 MP: 4/8
  3324 | D:5      | Reached skill level 5 in Evocations
  3400 | D:5      | Noticed a troll
  3405 | D:5      | Killed a troll
  3406 | D:5      | Gained mutation: You have razor-sharp teeth. [Vine Stalker
                  | growth]
  3406 | D:5      | Reached XP level 8. HP: 43/43 MP: 9/9
  4354 | D:6      | Found a staircase to the Ecumenical Temple.
  4362 | Temple   | Entered the Ecumenical Temple
  4732 | Temple   | Became a worshipper of Gozag Ym Sagoz the Greedy
  5062 | D:7      | Reached skill level 4 in Long Blades
  5078 | D:7      | Reached XP level 9. HP: 47/47 MP: 10/10
  5266 | D:3      | You fall into a shaft and drop 1 floor!
  5286 | D:3      | Reached skill level 5 in Long Blades
  5514 | D:3      | Killed Grinder
  5604 | D:3      | Noticed Natasha
  5618 | D:3      | Killed Natasha
  5910 | D:7      | Reached skill level 6 in Long Blades
  6085 | D:7      | Found Maschuff's Antique Weapon Shop.
  6145 | D:7      | Reached skill level 7 in Long Blades
  6885 | D:8      | Reached skill level 8 in Long Blades
  7204 | D:9      | Reached XP level 10. HP: 51/51 MP: 11/11
  7212 | D:9      | Reached skill level 9 in Long Blades
  7286 | D:9      | Found a staircase to the Lair.
  7331 | D:9      | Reached skill level 10 in Long Blades
  7394 | Lair:1   | Entered Level 1 of the Lair of Beasts
  7423 | D:9      | Identified the +7 dagger of Drought {protect, rPois rF-
                  | Int+4 Dex+3}
  7796 | D:10     | Entered Level 10 of the Dungeon
  7863 | D:10     | Noticed an unseen horror
  7870 | D:10     | Killed an unseen horror
  7871 | D:10     | Reached skill level 11 in Long Blades
  8031 | D:10     | Found a glowing golden altar of the Shining One.
  8095 | D:10     | Reached skill level 12 in Long Blades
  8095 | D:10     | Reached XP level 11. HP: 30/55 MP: 12/12
  8760 | D:11     | Reached skill level 13 in Long Blades
  9139 | D:12     | Noticed a manticore
  9154 | D:12     | Killed a manticore
  9379 | Lair:1   | Noticed Purph's ghost (journeyman MiBe)
  9546 | Lair:1   | Found a transporter.
  9551 | Lair:1   | Found a transporter.
  9561 | Lair:1   | Reached skill level 14 in Long Blades
  9593 | Lair:1   | Noticed Sonja
  9599 | Lair:1   | Noticed Sonja
  9599 | Lair:1   | Sonja changed into Sonja the river rat
  9602 | Lair:1   | Killed Sonja the river rat
  9603 | Lair:1   | Reached skill level 1 in Throwing
  9752 | Lair:1   | Learned a level 1 spell: Apportation
  9755 | Lair:1   | Learned a level 2 spell: Wereblood
  9984 | Lair:1   | Identified the +4 arbalest "Fiutzual" {speed, rC+ Str+4
                  | Int+4}
 10143 | Lair:1   | Identified the +9 flail "Kiaphoebb" {speed, rC+ Str+8}
 10288 | Lair:1   | Reached skill level 1 in Maces & Flails
 10348 | Lair:1   | Reached XP level 12. HP: 54/60 MP: 11/13
 10622 | Lair:2   | Found a staircase to the Swamp.
 10820 | Lair:2   | Reached skill level 5 in Maces & Flails
 11214 | Lair:2   | Noticed Fannar
 11224 | Lair:2   | Killed Fannar
 11303 | Lair:2   | Identified the +10 whip "Davvuas" {holy, Int+4}
 12065 | Lair:3   | Noticed a four-headed hydra
 12072 | Lair:3   | Killed a four-headed hydra
 12106 | Lair:3   | Noticed a six-headed hydra
 12111 | Lair:3   | Killed a six-headed hydra
 12117 | Lair:3   | Noticed a six-headed hydra
 12125 | Lair:3   | Killed a six-headed hydra
 12377 | Lair:3   | Noticed a catoblepas
 12387 | Lair:3   | Killed a catoblepas
 12713 | Lair:3   | Reached XP level 13. HP: 59/63 MP: 12/14
 12715 | Lair:3   | Reached skill level 10 in Maces & Flails
 13472 | Lair:4   | Found a hole to the Spider Nest.
 13896 | Lair:4   | Found a blossoming altar of Fedhas.
 14284 | Lair:5   | Found a staircase to the Slime Pits.
 14783 | Lair:6   | Entered Level 6 of the Lair of Beasts
 14977 | Lair:6   | Reached XP level 14. HP: 56/68 MP: 11/15
 15112 | Lair:6   | Found a dark tunnel.
 15121 | Volcano  | Entered a volcano
 16132 | Lair:6   | Noticed a dire elephant
 16146 | Lair:6   | Killed a dire elephant
 16250 | Lair:6   | Reached skill level 10 in Fighting
 16468 | Lair:1   | Bought the +4 ring mail of Theory {rC+ Regen+ Dex+4} for
                  | 649 gold pieces
 16494 | Lair:1   | Bought a scroll of magic mapping for 56 gold pieces
 16494 | Lair:1   | Bought a scroll of fog for 32 gold pieces
 16697 | D:12     | Found a staircase to the Orcish Mines.
 16749 | D:12     | Reached skill level 1 in Armour
 17200 | D:13     | Noticed Rupert
 17200 | D:13     | Noticed Urug
 17200 | D:13     | Found a gate to the Vaults.
 17206 | D:13     | Killed by an exploding human... ignited by their inner
                  | flame

Illustrated notes

Levels and vault maps discovered:
D:1:      sevenhm_arrival_forest_fort_large_4, layout_loops_ring,
          ebering_ecumenical_altar_webs
D:2:      layout_basic, kennysheep_donut, uniq_terence
D:3:      layout_basic, grunt_decor_one_mirror, grunt_decor_mini_mirrors,
          kennysheep_doodads, uniq_ijyb, uniq_grinder, uniq_natasha
D:4:      layout_loops_corners
D:5:      layout_loops_cross
D:6:      layout_cave_pools, minmay_temple_entry_trees, serial_co_window_serial,
          co_window_paths_a, co_window_paths_b, co_window_paths_b,
          co_window_paths_a, co_window_paths_a, co_window_of_opportunity_a,
          co_window_of_opportunity_a, co_window_cross_2,
          co_window_of_opportunity_b, co_window_paths_c, co_window_4corner_a
D:7:      layout_loops_ring, serial_shops, shop
D:8:      layout_loops_ring
D:9:      layout_basic, grunt_lair_entry_orc_guard_hut
D:10:     layout_cross, tso_altar
D:11:     layout_irregular_city, chequers_serial_rivers_large_a
D:12:     layout_roguey, david_orc_2, minmay_variable_closet,
          grunt_decor_fettered
D:13:     layout_roguey, david_vaults_3, portal_ice_cave_demonic_guard,
          serial_shops, shop
Temple:   mainiacjoe_temple_trianglar_array
Lair:1:   beast_lair_carwin_large_2, layout_long_grid, gammafunk_ghost_hive,
          special_room [special_room_bee], grunt_forest_small_clearing_treed,
          uniq_sonja
Lair:2:   layout_layer_cave, minmay_swamp_entry_eels, minivault_11,
          serial_bayou_shore_b, infiniplex_staircase_pool, uniq_fannar
Lair:3:   layout_layer_cave
Lair:4:   layout_cellular_growth, spider_nest_entry_webs,
          chequers_serial_rivers_room_a, tgw_fedhas, infiniplex_staircase_pool_2
Lair:5:   layout_cave_shapes, minmay_slime_entry_oklob_enclosed,
          lemuel_fruit_tree
Lair:6:   hangedman_lair_in_review, layout_hall_layers,
          guppyfry_lair_end_dragon, enter_volcano_1,
          chequers_serial_rivers_small_b

Skill      XL: |  1  2  3  4  5  6  7  8  9 10 11 12 13 14 |
---------------+-------------------------------------------+-----
Fighting       | 3 4 5 10 | 10.0
Long Blades    | 2 3 4 8 12 14 | 14.0
Evocations     | 2 4 5 6 |  6.7
Staves         | 2 4 |  4.1
Throwing       | 3 |  3.5
Maces & Flails | 2 9 13 | 13.7
Dodging        | 2 |  2.5
Armour         | 1 |  1.8
Stealth        | |  6.0

Action                   |  1- 3 |  4- 6 |  7- 9 | 10-12 | 13-15 || total
-------------------------+-------+-------+-------+-------+-------++-------
Melee: Falchion          |     9 |       |       |       |       ||     9
       Short sword       |    23 |   117 |    74 |       |       ||   214
       Bite              |     5 |    19 |    79 |   204 |   233 ||   540
       Punch             |       |     2 |     6 |       |       ||     8
       Long sword        |       |       |   124 |       |       ||   124
       Scimitar          |       |       |    17 |   308 |       ||   325
       Flail             |       |       |       |   213 |   481 ||   694
Throw: Dart              |     8 |     2 |     4 |     6 |       ||    20
       Javelin           |       |       |     1 |       |       ||     1
Invok: Call Merchant     |       |       |       |     2 |     3 ||     5
Evoke: Wand              |       |     7 |     1 |     4 |     6 ||    18
  Use: Scroll            |       |     7 |     6 |     4 |     5 ||    22
       Potion            |       |     3 |     1 |       |     1 ||     5
 Stab: Sleeping          |     2 |    12 |     6 |     3 |       ||    23
       Distracted        |       |       |     4 |     6 |     4 ||    14
       Paralysed         |       |       |       |       |     1 ||     1
Armor: Skin              |     5 |       |       |       |       ||     5
       Leather armour    |     4 |       |       |       |       ||     4
       Ring mail         |     1 |    32 |    87 |   171 |   117 ||   408
Dodge: Dodged            |    20 |    81 |   107 |   343 |   176 ||   727
